 Dungeon Crawl Stone Soup version 0.28.0 (webtiles) character file.

Game seed: 11387944631639447035

21 themarg the Blocker (level 2, 0/20 HPs)
             Began as a Gnoll Wanderer on Feb 7, 2022.
             Slain by an adder (4 damage)
             ... on level 2 of the Dungeon.
             The game lasted 00:05:45 (1929 turns).

themarg the Blocker (Gnoll Wanderer)                Turns: 1929, Time: 00:05:46

Health: 0/20       AC:  3    Str:  7    XL:     2   Next: 83%
Magic:  12/12      EV: 12    Int: 13    God:
Gold:   43         SH:  0    Dex: 13    Spells: 19/19 levels left

rFire   . . .      SeeInvis .   j - +0 trident
rCold   . . .      Faith    .   (no shield)
rNeg    . . .      Spirit   .   c - +0 robe
rPois   .          Reflect  .   (no helmet)
rElec   .          Harm     .   b - +0 cloak
rCorr   .          Rampage  .   (no gloves)
Will    .....                   (no boots)
Stlth   +.........              (no amulet)
HPRegen 0.06/turn               (no ring)
MPRegen 0.13/turn               (no ring)

@: no status effects
A: fangs 1, strong nose, distributed training
a: no special abilities


You were on level 2 of the Dungeon.
You visited 1 branch of the dungeon, and saw 2 of its levels.

You collected 43 gold pieces.

Inventory:

Hand Weapons
 a - a +0 dagger
 f - a +0 club
 i - a +0 short sword
 j - a +0 trident (weapon)
Missiles
 h - 3 poisoned darts (quivered)
Armour
 b - a +0 cloak (worn)
 c - a +0 robe (worn)
 d - a +2 buckler
Scrolls
 e - a scroll of identify {unknown}
 g - a scroll of teleportation {unknown}


   Skills:
 + Level 0.5 Fighting
 + Level 0.5 Short Blades
 + Level 0.5 Long Blades
 + Level 0.5 Axes
 + Level 0.5 Maces & Flails
 + Level 0.5 Polearms
 + Level 0.5 Staves
 + Level 0.5 Slings
 + Level 0.5 Bows
 + Level 0.5 Crossbows
 + Level 0.5 Throwing
 + Level 0.5 Armour
 + Level 2.5 Dodging
 + Level 0.5 Stealth
 + Level 10.4 Shields
 + Level 0.5 Unarmed Combat
 + Level 9.2 Spellcasting
 + Level 0.3 Conjurations
 + Level 0.3 Hexes
 + Level 0.3 Summonings
 + Level 0.3 Necromancy
 + Level 0.3 Translocations
 + Level 0.3 Transmutations
 + Level 0.3 Fire Magic
 + Level 0.3 Ice Magic
 + Level 0.3 Air Magic
 + Level 0.3 Earth Magic
 + Level 0.3 Poison Magic
 + Level 0.6 Invocations
 + Level 0.5 Evocations


You had 19 spell levels left.
You didn't know any spells.
Your spell library contained the following spells:

 Spells                   Type           Power      Damage    Failure   Level
 Searing Ray              Conj           12%        2d4       16%         2
 Static Discharge         Conj/Air       6%         N/A       16%         2


Dungeon Overview and Level Annotations

Branches:
Dungeon (2/15)

Altars:


Innate Abilities, Weirdness & Mutations

You have very sharp teeth.
Your uncanny sense of smell can sniff out nearby items.
Your experience applies equally to all skills.


Message History

The kobold closely misses you.
The frilled lizard bites you but does no damage.
You miss the kobold.
The kobold is moderately wounded.
The kobold hits you with a +0 dagger. The frilled lizard closely misses you.
The adder bites you but does no damage.
You closely miss the kobold. You bite the kobold, but do no damage.
The kobold is moderately wounded.
The kobold barely misses you. The frilled lizard bites you.
The adder completely misses you. The kobold barely misses you.
The frilled lizard barely misses you. The frilled lizard barely misses you.
The adder misses you. The adder bites you.
You miss the adder. Your bite misses the adder. The adder misses you.
The adder completely misses you.
You barely miss the adder. The adder barely misses you.
The adder bites you but does no damage.
You hit the adder.
The adder is moderately wounded.
The adder bites you but does no damage.
You miss the adder.
The adder is moderately wounded.
The adder closely misses you. x2
You barely miss the adder.
The adder is moderately wounded.
The adder bites you.
You barely miss the adder.
The adder is moderately wounded.
The adder bites you.
You are poisoned.
The adder poisons you! The adder barely misses you.
You feel sick.
You feel sick.
You feel sick. The adder bites you but does no damage.
You feel sick.
You feel sick.
You are no longer poisoned.
The adder bites you.
You die...

#.........#
#......$..#
######.........#
........########
#######l# #K# #.#
#.################
#.l.KS@.........<#
##################


You could see an adder, a kobold and a frilled lizard.

Vanquished Creatures
  A ball python (D:1)
  3 bats (D:1)
  3 endoplasms (D:1)
  2 goblins (D:1)
  4 hobgoblins (D:1)
  A quokka (D:1)
  2 frilled lizards (D:1)
  A kobold (D:1)
17 creatures vanquished.

Notes
Turn   | Place    | Note
-------+----------+-------------------------------------------
     0 | D:1      | Reached skill level 10 in Shields
     0 | D:1      | themarg the Gnoll Wanderer began the quest for the Orb.
     0 | D:1      | themarg set off with the following items: a +0 dagger, a +0
                  | cloak, a +0 robe, a +2 buckler; and the following spells
                  | available to memorise: Searing Ray, Static Discharge
     0 | D:1      | Reached XP level 1. HP: 13/13 MP: 10/10
   466 | D:1      | Reached XP level 2. HP: 14/19 MP: 12/12
  1929 | D:2      | Slain by an adder

Illustrated notes

Levels and vault maps discovered:
D:1:      lemuel_arrival_river_ford, layout_basic, minmay_cut_off
D:2:      layout_basic, ebering_ecumenical_altar_hall, grunt_ministairs_13,
          uniq_sigmund

Skill      XL: | |
---------------+-+-----
Shields        | | 10.4
Spellcasting   | |  9.2
Fighting       | |  0.5
Short Blades   | |  0.5
Long Blades    | |  0.5
Axes           | |  0.5
Maces & Flails | |  0.5
Polearms       | |  0.5
Staves         | |  0.5
Slings         | |  0.5
Bows           | |  0.5
Crossbows      | |  0.5
Throwing       | |  0.5
Armour         | |  0.5
Dodging        | |  2.5
Stealth        | |  0.5
Unarmed Combat | |  0.5
Conjurations   | |  0.3
Hexes          | |  0.3
Summonings     | |  0.3
Necromancy     | |  0.3
Translocations | |  0.3
Transmutations | |  0.3
Fire Magic     | |  0.3
Ice Magic      | |  0.3
Air Magic      | |  0.3
Earth Magic    | |  0.3
Poison Magic   | |  0.3
Invocations    | |  0.6
Evocations     | |  0.5

Action                   || total
-------------------------++-------
Melee: Dagger            ||    30
       Club              ||    52
       Bite              ||    14
       Short sword       ||    14
       Trident           ||    11
       Punch             ||     1
 Stab: Sleeping          ||     1
Armor: Robe              ||    21
Dodge: Dodged            ||    62
Block: Buckler           ||    36
